 Dungeon Crawl Stone Soup version 0.32-a0-818-gb728d0252e (webtiles) character file.

Game seed: 14927609224244880717

1029 Ajdolov the Cudgeller (level 8, -17/68 HPs)
             Began as an Armataur Brigand on Mar 24, 2024.
             Killed by an exploding gnoll bouda (20 damage)
             ... ignited by their inner flame
             ... on level 6 of the Dungeon.
             The game lasted 00:08:41 (5005 turns).

Ajdolov the Cudgeller (Armataur Brigand)            Turns: 5005, Time: 00:08:42

Health: -17/68     AC: 10    Str: 18    XL:     8   Next: 3%
Magic:  8/8        EV: 12    Int: 12    God:
Gold:   270        SH:  0    Dex: 12    Spells: 7/7 levels left

rFire   . . .        x - +0 flail
rCold   . . .        (no shield)
rNeg    . . .        p - +0 ring mail
rPois   .            y - +0 helmet
rElec   .            c - +0 cloak
rCorr   .            w - +0 pair of gloves
SInv    .            (no barding)
Will    .....        q - amulet of the acrobat
Stlth   ++           o - +5 ring of evasion
HPRegen 0.31/turn    (no ring)
MPRegen 0.11/turn

%: acrobat, roll
@: about to teleport, weakened
A: large, deformed body, tough skin 3, armoured tail, rollpage 2
a: no special abilities


You were on level 6 of the Dungeon.
You visited 2 branches of the dungeon, and saw 7 of its levels.

You collected 270 gold pieces.

Inventory:

Hand Weapons
 b - a +2 dagger of speed
 x - a +0 flail (weapon)
Missiles
 d - 9 poisoned darts (quivered)
 e - 3 curare-tipped darts
 A - 3 boomerangs
Armour
 c - a +0 cloak (worn)
 p - a +0 ring mail (worn)
 w - a +0 pair of gloves (worn)
 y - a +0 helmet (worn)
Jewellery
 o - a +5 ring of evasion (left hand)
 q - an amulet of the acrobat (around neck)
Wands
 v - a wand of charming (4)
 z - a wand of roots (11)
Scrolls
 h - 4 scrolls of immolation
 i - 2 scrolls of revelation
 l - 5 scrolls of identify
 m - a scroll of teleportation
 r - 3 scrolls of poison
 t - a scroll of amnesia {unknown}
 u - a scroll of enchant weapon {unknown}
 B - a scroll of enchant armour {unknown}
 C - a scroll of noise {unknown}
Potions
 a - a potion of attraction {unknown}
 f - 4 potions of curing {unknown}
 g - 2 potions of enlightenment {unknown}
 j - 2 potions of degeneration {unknown}
 k - 4 potions of brilliance {unknown}
 n - 2 potions of haste {unknown}
 s - 2 potions of heal wounds {unknown}


   Skills:
 - Level 5.0 Fighting
 - Level 1.7 Short Blades
 + Level 5.7 Maces & Flails
 - Level 1.7 Throwing
 - Level 5.0 Armour
 - Level 0.6 Dodging
 - Level 4.3 Stealth


You had 7 spell levels left.
You didn't know any spells.
Your spell library was empty.

Dungeon Overview and Level Annotations

Branches:
Dungeon (6/15)             Temple (1/1) D:5

Altars:
Ashenzari
Cheibriados
Dithmenos
Gozag
Hepliaklqana
Nemelex Xobeh
Qazlal
Ru
Uskayaw
Wu Jian
Xom
Zin
The Shining One

Shops:
D:1 (   D:6 =

Annotations:
D:4 exclusion: hound, Eustachio
D:5 exclusion: ogre
D:6 exclusion: two-headed ogre


Innate Abilities, Weirdness & Mutations

Armour fits poorly on your strangely shaped body.
You have extremely tough skin. (AC +3)
You have a long armoured tail.
You regenerate magic and health when rolling toward enemies. (Rampage Regen)


Message History

The gnoll bouda barely misses you. The gnoll closely misses you.
The centaur hits you.
The centaur kicks you but does no damage.
The gnoll hits you from afar with a +0 spear.
As you read the scroll of identify, it crumbles to dust.
i - 2 scrolls of revelation The gnoll bouda barely misses you.
The centaur hits you.
The centaur kicks you but does no damage.
The gnoll closely misses you.
The gnoll hits you from afar with a +0 spear.
As you read the scroll of identify, it crumbles to dust.
m - 2 scrolls of teleportation The centaur hits you but does no damage.
The centaur kicks you.
The gnoll bouda barks out a call to the hunt!
The gnoll picks up the pace!
The gnoll barely misses you.
An ufetubus comes into view.
The centaur barely misses you. The centaur closely misses you.
The gnoll closely misses you.
As you read the scroll of teleportation, it crumbles to dust.
You feel strangely unstable.
The gnoll bouda gazes fiercely through you!
You feel your attacks grow feeble.
The gnoll bouda hits you with a +0 whip.
The centaur hits you but does no damage.
The centaur misses you. The gnoll completely misses you.
The gnoll hits you but does no damage.
You hit the gnoll.
Flame seeps out of the gnoll.
The gnoll is almost dead.
The centaur hits you. The centaur misses you.
The gnoll bouda closely misses you.
The gnoll is engulfed in blazing flames.
The gnoll explodes!
The fiery explosion engulfs the gnoll bouda!!
The fiery explosion engulfs you!!
* * * LOW HITPOINT WARNING * * *
The gnoll bouda explodes!
The fiery explosion engulfs you!!
You die...

.####...#..#
.####.#.#..#
...........#
+#....#5####
>..###.....#
...
#.g..$####
..
##5#......
#c#.g.###
##@#...#
#$○§g..#
#§§§§..#
#......#
#......#
#......#
.........
.......###
#########


You could see a centaur (inner flame), 2 gnolls and 2 ufetubi.

Vanquished Creatures
  A water moccasin (D:5)
  Pargi (D:3)
  An ice beast (D:5)
  A phantom (D:4)
  4 scorpions
  A howler monkey (D:4)
  An orc priest (D:3)
  2 hounds (D:4)
  2 jellies (D:5)
  A gnoll bouda (D:6)
  An iguana (D:4)
  Robin (D:3)
  3 gnolls (D:6)
  8 adders
  4 dart slugs
  5 ribbon worms
  7 orcs
  6 endoplasms
  2 giant cockroaches (D:2)
  9 goblins
  9 hobgoblins
  3 jackals (D:5)
  5 kobolds
  5 quokkas
  9 ball pythons
  7 bats
  4 frilled lizards
  6 rats
109 creatures vanquished.

Notes
Turn   | Place    | Note
-------+----------+-------------------------------------------
     0 | D:1      | Ajdolov the Armataur Brigand began the quest for the Orb.
     0 | D:1      | Reached XP level 1. HP: 17/17 MP: 1/1
   203 | D:1      | Reached XP level 2. HP: 24/25 MP: 2/2
   296 | D:1      | Found Xonn's Weapon Shop.
   832 | D:2      | Reached XP level 3. HP: 30/31 MP: 3/3
  1390 | D:3      | Found a hide-covered altar of Uskayaw.
  1403 | D:3      | Reached XP level 4. HP: 40/40 MP: 4/4
  1605 | D:3      | Noticed Pargi
  1628 | D:3      | Killed Pargi
  1629 | D:3      | Reached skill level 5 in Fighting
  1629 | D:3      | Reached XP level 5. HP: 48/48 MP: 5/5
  1833 | D:3      | Noticed Robin
  1876 | D:3      | Killed Robin
  2478 | D:4      | Reached XP level 6. HP: 55/56 MP: 6/6
  2747 | D:4      | Reached skill level 5 in Armour
  3351 | D:4      | Noticed Eustachio
  3393 | D:4      | Reached skill level 1 in Maces & Flails
  3673 | D:4      | Gained mutation: You regenerate magic and health when
                  | rolling toward enemies. (Rampage Regen) [Armataur growth]
  3673 | D:4      | Reached XP level 7. HP: 61/61 MP: 7/7
  4114 | D:5      | Entered Level 5 of the Dungeon
  4191 | D:5      | Found a staircase to the Ecumenical Temple.
  4201 | Temple   | Entered the Ecumenical Temple
  4622 | D:5      | Reached skill level 5 in Maces & Flails
  4714 | D:6      | Found Yssuziwe's Jewellery Shoppe.
  4743 | D:6      | Reached XP level 8. HP: 13/68 MP: 8/8
  4838 | D:6      | Noticed a gargoyle
  4932 | D:6      | Noticed a two-headed ogre
  4981 | D:6      | Found a sacrificial altar of Ru.
  5005 | D:6      | HP: 3/68 [spore (29)]
  5005 | D:6      | Killed by an exploding gnoll bouda... ignited by their
                  | inner flame

Illustrated notes

Levels and vault maps discovered:
D:1:      shiori_arrival_whats_in_store_for_you, layout_loops_ring,
          serial_shops, shop
D:2:      layout_basic
D:3:      layout_loops_ring, mainiacjoe_overflow_six_doors_small, st_stairs_14,
          uniq_pargi, uniq_robin
D:4:      minmay_bubble_buster, layout_basic, serial_bayou_crossing,
          uniq_eustachio
D:5:      layout_cave_pools, minmay_temple_entry_statues_fountains
D:6:      layout_basic, kennysheep_mini, mainiacjoe_overflow_catwalk,
          serial_shops, kennysheep_mini_moat, shop, shop, uniq_maggie
Temple:   minmay_freezing_vapour_temple

Skill      XL: |  1  2  3  4  5  6  7 |
---------------+----------------------+-----
Fighting       | 2 3 5 |  5.0
Armour         | 2 3 5 |  5.0
Maces & Flails | 2 5 |  5.7
Short Blades   | |  1.7
Throwing       | |  1.7
Dodging        | |  0.6
Stealth        | |  4.3

Action                     |  1- 3 |  4- 6 |  7- 9 || total
---------------------------+-------+-------+-------++-------
  Melee: Dagger            |   116 |   125 |       ||   241
         Tailslap          |     9 |    31 |    15 ||    55
         Flail             |       |    94 |    87 ||   181
  Throw: Dart              |       |     2 |       ||     2
    Use: Scroll            |       |       |     5 ||     5
   Stab: Sleeping          |     8 |     5 |     2 ||    15
 Armour: Robe              |    23 |       |       ||    23
         Ring mail         |    14 |   113 |    81 ||   208
  Dodge: Dodged            |    44 |   194 |   106 ||   344

Table legend: (Time is in decaauts)
 A = Elapsed time spent in this place.
 B = Non-inter-level travel time spent in this place.
 C = Inter-level travel time spent in this place.
 D = Time resting spent in this place.
 E = Time spent auto-exploring this place.
 F = Levels seen in this place.
 G = Mean time per level.
                   A        B        C        D        E       F      G
               +--------+--------+--------+--------+--------+-----+--------+
         Total |   4971 |   4620 |    351 |    457 |   3090 |   7 |  710.1 |
       Dungeon |   4969 |   4618 |    351 |    457 |   3090 |   6 |  828.2 |
        Temple |      1 |      1 |      0 |      0 |      0 |   1 |    1.0 |
               +--------+--------+--------+--------+--------+-----+--------+

Top non-repeatable levels by time:
     D:4: 1933 daAuts
     D:3: 805 daAuts
     D:1: 707 daAuts
     D:2: 621 daAuts
     D:5: 604 daAuts
     D:6: 299 daAuts
  Temple: 1 daAuts
